 Dungeon Crawl Stone Soup version 0.31-a0-521-gc7390f8997 (webtiles) character file.

Game seed: 979413193993609952

364 Ofeo the Shooter (level 7, 0/54 HPs)
             Began as a Formicid Hunter on Aug 10, 2023.
             Slain by a river rat (6 damage)
             ... on level 4 of the Dungeon.
             The game lasted 00:05:49 (3558 turns).

Ofeo the Shooter (Formicid Hunter)                  Turns: 3558, Time: 00:05:49

Health: 0/54       AC:  7    Str: 16    XL:     7   Next: 0%
Magic:  7/7        EV: 12    Int:  8    God:
Gold:   120        SH:  0    Dex: 19    Spells: 6/6 levels left

rFire   . . .        a - +0 shortbow
rCold   . . .        (no shield)
rNeg    . . .        g - +0 ring mail
rPois   .            (helmet unavailable)
rElec   .            k - +0 cloak
rCorr   .            (no gloves)
SInv    +            c - +0 pair of boots
Will    .....        (no amulet)
Stlth   ++           (no ring)
HPRegen 0.29/turn    (no ring)
MPRegen 0.10/turn

%: no passive effects
@: brilliant
A: permanent stasis, dig shafts and tunnels, antennae 3, four strong arms
a: Dig, Shaft Self


You were on level 4 of the Dungeon.
You visited 1 branch of the dungeon, and saw 4 of its levels.
You also visited: Sewer.

You collected 264 gold pieces.
You spent 144 gold pieces at shops.

Inventory:

Hand Weapons
 a - a +0 shortbow (weapon)
 h - a +1 whip of freezing
Armour
 c - a +0 pair of boots (worn)
 g - a +0 ring mail (worn)
 k - a +0 cloak (worn)
Jewellery
 i - a ring of fire
Scrolls
 b - a scroll of butterflies
 j - 2 scrolls of fear
 o - a scroll of fog
 p - a scroll of enchant armour {unknown}
 q - a scroll of revelation
 r - a scroll of vulnerability {unknown}
Potions
 d - 3 potions of might {@q4}
 e - 2 potions of brilliance
 f - a potion of mutation {unknown}
 l - a potion of magic {unknown}
 m - 6 potions of enlightenment


   Skills:
 - Level 4.0 Fighting
 + Level 5.4 Ranged Weapons
 - Level 3.3 Dodging
 - Level 4.1 Stealth


You had 6 spell levels left.
You didn't know any spells.
Your spell library contained the following spells:

 Spells                   Type           Power      Damage    Failure   Level
 Cigotuvi's Dreadful Rot  Necr/Pois/Air  0%         N/A       77%         2
 Frozen Ramparts          Ice            0%         1d1       94%         3
 Ignite Poison            Fire/Tmut/Pois 0%         N/A       94%         3
 Volatile Blastmotes      Fire/Tloc      0%         2d10      94%         3
 Fulminant Prism          Conj/Hex       0%         3d5       100%        4
 Iskenderun's Mystic Bla  Conj/Tloc      0%         2d3       100%        4
 Petrify                  Tmut/Erth      0%         N/A       100%        4
 Freezing Cloud           Conj/Ice/Air   0%         6-21      100%        5
 Metabolic Englaciation   Hex/Ice        0%         N/A       100%        5


Dungeon Overview and Level Annotations

Branches:
Dungeon (4/15)              Sewer (visited)
 Temple: D:4-7

Altars:
Cheibriados
Makhleb
Qazlal

Shops:
D:2 *   D:3 ?


Innate Abilities, Weirdness & Mutations

You cannot be hasted, slowed, berserked, paralysed or teleported.
You can dig through walls and to a lower floor.
You have a pair of large antennae on your head. (SInv)
Your four strong arms can wield two-handed weapons with a shield.


Message History

You take 1 damage, and have 27/54 hp.
The river rat attacks as you move away! The river rat closely misses you.
There is a gate leading back out of this place here.
The river rat completely misses you.
Welcome back to the Dungeon!
There is a collapsed entrance here.
The river rat attacks as you move away!
The river rat bites you but does no damage.
You enter the shallow water.
Moving in this stuff is going to be slow.
The river rat closely misses you. The river rat attacks as you move away!
The river rat closely misses you. The river rat attacks as you move away!
The river rat bites you.
The river rat twitches its whiskers.
You take 5 damage, and have 24/54 hp.
The river rat bites you.
You take 6 damage, and have 18/54 hp.
Fire: a) +0 shortbow
Press: ? - help, Q - select action, (/) - cycle Shift-Dir - straight line, f - river rat
Aim: a river rat (almost dead, 62% to hit)
You shoot an arrow. The arrow closely misses the river rat.
The river rat bites you.
* * * LOW HITPOINT WARNING * * *
The river rat bites you.
* * * LOW HITPOINT WARNING * * *
The river rat misses you. The river rat barely misses you.
You take 10 damage, and have 8/54 hp.
It was a potion of brilliance.
You feel clever all of a sudden. The river rat barely misses you.
The river rat bites you but does no damage.
It was a potion of haste.
Your stasis prevents you from being hasted.
The river rat barely misses you. The river rat bites you.
* * * LOW HITPOINT WARNING * * *
An endoplasm comes into view.
You take 3 damage, and have 6/54 hp.
Okay, then.
The river rat attacks as you move away! The river rat bites you.
You die...

#############
#.....(.....##
#......[...J.#
#.$......r@#, #...~~~.r.#
#### #..~~~~~..## ...###
#..~~.~~...# ...#
##..~~~~~...... # #.#
#....~~~...#### #. #..
#.....÷....# #.###.#
#...÷......# #.....#
#.#.###################.###


You could see 2 river rats and an endoplasm.

Vanquished Creatures
  A black bear (D:4)
  A sleepcap (D:4)
  An iguana (D:4)
  3 gnolls (D:4)
  2 river rats (Sewer)
  6 adders
  2 worms (Sewer)
  2 dart slugs (D:1)
  4 orcs (D:2)
  2 endoplasms
  10 giant cockroaches
  9 hobgoblins
  5 jackals (Sewer)
  5 quokkas
  18 ball pythons
  12 bats
  6 frilled lizards
  10 goblins
  3 kobolds
  7 rats
109 creatures vanquished.

Notes
Turn   | Place    | Note
-------+----------+-------------------------------------------
     0 | D:1      | Ofeo the Formicid Hunter began the quest for the Orb.
     0 | D:1      | Reached XP level 1. HP: 16/16 MP: 1/1
   200 | D:1      | Reached XP level 2. HP: 23/23 MP: 2/2
   361 | D:1      | Reached XP level 3. HP: 23/28 MP: 3/3
  1279 | D:2      | Reached XP level 4. HP: 34/34 MP: 4/4
  1351 | D:2      | Found Ceruas's Assorted Antiques.
  1361 | D:2      | Bought a scroll labelled NIWOQO GALASH for 22 gold pieces
  1361 | D:2      | Bought a scroll labelled NIWOQO GALASH for 22 gold pieces
  1361 | D:2      | Bought a scroll labelled PEUGGU ZEJEJ for 22 gold pieces
  1361 | D:2      | Bought a scroll labelled XADUEG BI URRUV for 22 gold pieces
  1966 | D:3      | Found Zuibri's Magic Scroll Emporium.
  1977 | D:3      | Bought a scroll of fear for 56 gold pieces
  2019 | D:3      | Found a burning altar of Makhleb.
  2291 | D:3      | Found a stormy altar of Qazlal.
  2408 | D:4      | Reached XP level 5. HP: 37/41 MP: 5/5
  2629 | D:4      | Found a snail-covered altar of Cheibriados.
  2632 | D:4      | Noticed a black bear
  2643 | D:4      | Killed a black bear
  2644 | D:4      | Reached skill level 5 in Ranged Weapons
  2644 | D:4      | Reached XP level 6. HP: 29/48 MP: 6/6
  2730 | D:4      | Found a glowing drain.
  2761 | Sewer    | Entered a sewer
  3531 | Sewer    | Reached XP level 7. HP: 54/54 MP: 7/7
  3558 | D:4      | Slain by a river rat

Illustrated notes

Levels and vault maps discovered:
D:1:      dpeg_arrival_yet_another_circle, layout_basic
D:2:      layout_basic, serial_shops, shop
D:3:      layout_rooms, grunt_qazlal_clouds, bloody_makhleb, serial_shops, shop
D:4:      layout_loops_ring, mainiacjoe_overflow_tiny_flanked,
          nicolae_ru_path_of_blood, portal_sewer_entry_a, minmay_crystal_water,
          kennysheep_generic_room_7

Skill      XL: |  1  2  3  4  5  6 |
---------------+-------------------+-----
Dodging        | 2 3 |  3.3
Stealth        | 2 3 4 |  4.1
Fighting       | 3 4 |  4.0
Ranged Weapons | 5 |  5.4

Action                     |  1- 3 |  4- 6 |  7- 9 || total
---------------------------+-------+-------+-------++-------
   Fire: Shortbow          |    90 |   240 |    10 ||   340
    Use: Scroll            |     2 |     5 |       ||     7
         Potion            |       |       |     2 ||     2
 Armour: Leather armour    |     7 |       |       ||     7
         Ring mail         |       |    48 |     7 ||    55
  Dodge: Dodged            |    16 |   106 |    31 ||   153

Table legend: (Time is in decaauts)
 A = Elapsed time spent in this place.
 B = Non-inter-level travel time spent in this place.
 C = Inter-level travel time spent in this place.
 D = Time resting spent in this place.
 E = Time spent auto-exploring this place.
 F = Levels seen in this place.
 G = Mean time per level.
                   A        B        C        D        E       F      G
               +--------+--------+--------+--------+--------+-----+--------+
         Total |   3824 |   3766 |     58 |    115 |   2533 |   5 |  764.8 |
       Dungeon |   2831 |   2773 |     58 |      0 |   2013 |   4 |  707.8 |
         Sewer |    992 |    992 |      0 |    115 |    520 |   1 |  992.0 |
               +--------+--------+--------+--------+--------+-----+--------+

Top non-repeatable levels by time:
     D:1: 1124 daAuts
   Sewer: 992 daAuts
     D:2: 706 daAuts
     D:3: 515 daAuts
     D:4: 484 daAuts
